 Dungeon Crawl Stone Soup version 0.17-a0-4-gb793c6d (webtiles) character file.

585 Psiweapon the Skirmisher (level 7, -10/78 HPs)
             Began as an Ogre Hunter on Mar 4, 2015.
             Was an Initiate of Makhleb.
             Mangled by a wyvern (17 damage)
             ... on level 5 of the Dungeon.
             The game lasted 00:14:29 (4413 turns).

Psiweapon the Skirmisher (Ogre Hunter)              Turns: 4413, Time: 00:14:29

Health: -10/78     AC:  9    Str: 18    XL:     7   Next: 37%
Magic:  7/7        EV:  4    Int: 10    God:    Makhleb [......]
Gold:   251        SH: 11    Dex:  8    Spells: 0 memorised, 6 levels left

rFire  . . .     SeeInvis .     L - +6 hand axe of Analysis {chop, +Blink +Rage MR+ Dex-4}
rCold  . . .     Clarity  .     b - +0 troll leather armour {Purgy}
rNeg   . . .     SustAb   .     J - +1 large shield {AC+3}
rPois  .         Gourm    .     (helmet restricted)
rElec  .         Spirit   .     q - +0 cloak
rCorr  .         Warding  .     (gloves unavailable)
rMut   .         Stasis   .     (boots unavailable)
MR     +....                    (no amulet)
Stlth  +.........               (no ring)
                                y - ring of wizardry

@: somewhat resistant to hostile enchantments, very unstealthy
A: unfitting armour, tough skin 1
a: Renounce Religion, Evoke Blink, Evoke Berserk Rage


You were on level 5 of the Dungeon.
You worshipped Makhleb.
Makhleb was noncommittal.
You were not hungry.

You visited 2 branches of the dungeon, and saw 6 of its levels.

You collected 251 gold pieces.

Inventory:

Hand weapons
 a - a +0 short sword
 h - a +0 club
 o - a +0 mace
 r - a +2 dagger of holy wrath
 z - a +0 quarterstaff
 D - a +1 flail
 F - a +0 giant spiked club
 L - the +6 hand axe of Analysis (weapon) {chop, +Blink +Rage MR+ Dex-4}
   (You found it on level 4 of the Dungeon)

   It inflicts extra damage upon your enemies.
   It affects your dexterity (-4).
   It affects your resistance to hostile enchantments.
   It lets you blink.
   It lets you go berserk.
Missiles
 c - 2 throwing nets
 k - 22 poisoned needles
 l - 20 sling bullets
 m - 30 stones
 A - 2 steel tomahawks
 O - 3 poisoned tomahawks
 Q - a large rock (quivered)
Armour
 b - a +0 troll leather armour (worn) {Purgy}
 d - a +0 animal skin
 n - a +0 shield
 q - a +0 cloak (worn)
 J - a +1 large shield of protection (worn)
Jewellery
 y - a ring of wizardry (left hand)
 C - an uncursed ring of teleportation
 G - a -2 ring of protection
Scrolls
 i - 2 scrolls of remove curse
 s - a scroll of random uselessness
 u - 3 scrolls of enchant weapon
 v - 2 scrolls of amnesia
 H - a scroll of teleportation {unknown}
 I - a scroll of recharging
 P - a scroll of identify
Potions
 e - 2 potions of cancellation
 g - 2 potions of agility
 j - a potion of might {unknown}
 t - a potion of haste {unknown}
 w - a potion of cure mutation {unknown}
 E - 2 potions of brilliance {unknown}
 N - a potion of lignification {unknown}
Books
 M - a book of Clouds

   Spells                             Type                      Level
   a - Mephitic Cloud                 Conjuration/Poison/Air       3
   b - Conjure Flame                  Conjuration/Fire             3
   c - Poisonous Cloud                Conjuration/Poison/Air       6
   d - Freezing Cloud                 Conjuration/Ice/Air          6
   e - Ring of Flames                 Charms/Fire                  7
Comestibles
 f - 2 meat rations
 p - 3 bread rations
 x - 3 royal jellies
 B - 4 chunks of flesh
 K - a fruit


   Skills:
 + Level 7.3 Fighting
 + Level 0.9(2.4) Axes
 - Level 6.5(6.7) Maces & Flails
 - Level 4.6 Throwing
 - Level 1.8 Dodging
 - Level 0.7 Stealth


You had 6 spell levels left.
You didn't know any spells.

Dungeon Overview and Level Annotations

Branches:
Dungeon (5/15)             Temple (1/1) D:4

Altars:
Ashenzari
Cheibriados
Dithmenos
Elyvilon
Fedhas
Gozag
Kikubaaqudgha
Makhleb
Nemelex Xobeh
Okawaru
Qazlal
Ru
Sif Muna
Trog
Vehumet
Xom
Yredelemnul
Zin
The Shining One


Innate Abilities, Weirdness & Mutations

You are too large for most types of armour.
You have tough skin (AC +1).


Message History

You closely miss the wyvern.
The wyvern is heavily wounded.
You slash the quokka!
You kill the quokka!
Makhleb accepts your kill. The wyvern barely misses you. x2
You barely miss the wyvern.
The wyvern is heavily wounded.
The wyvern bites you!
* * * LOW HITPOINT WARNING * * *
You block the wyvern's attack.
Throwing (i - inventory. (,) - cycle):
Q - 2 large rocks (quivered)
Press: ? - help, Shift-Dir - straight line, f/p - wyvern
Aim: a wyvern (heavily wounded)
You throw a large rock.
The large rock barely misses the wyvern.
The wyvern bites you!
* * * LOW HITPOINT WARNING * * *
The wyvern bites you!
You die...

########## .........#
########.# # #.# #### #.#
...# #.# #
##.#####.###########...##
................@D.......
####.###.########†.....##
.....# #.# ..(.###
.)...###.####### ....#
................ ......
........######## ......
#.......# ..... #####..<#
.... #...# #


You could see a wyvern.

Vanquished Creatures
  Purgy (D:3)
  An orc warrior (D:4)
  An ogre (D:5)
  A hound (D:4)
  A giant frog skeleton (D:5)
  An orc wizard (D:4)
  An iguana (D:5)
  2 worker ants (D:4)
  4 adders
  5 worms
  3 giant geckos
  9 orcs
  A ball python (D:3)
  12 bats
  2 giant cockroaches
  2 gnoll zombies (D:3)
  9 goblins
  10 hobgoblins
  5 quokkas
  10 jackals
  7 kobolds
  8 rats
96 creatures vanquished.

Notes
Turn   | Place    | Note
--------------------------------------------------------------
     0 | D:1      | Psiweapon, the Ogre Hunter, began the quest for the Orb.
     0 | D:1      | Reached XP level 1. HP: 22/22 MP: 1/1
   383 | D:1      | Reached XP level 2. HP: 21/31 MP: 2/2
   924 | D:2      | Reached skill level 1 in Maces & Flails
   935 | D:2      | Found a white marble altar of Elyvilon.
   935 | D:2      | Found an iron altar of Okawaru.
   939 | D:2      | Reached XP level 3. HP: 37/37 MP: 3/3
  1710 | D:3      | Reached XP level 4. HP: 38/48 MP: 4/4
  2650 | D:3      | Found a basalt altar of Yredelemnul.
  2738 | D:3      | Noticed Purgy
  2746 | D:3      | Killed Purgy
  2746 | D:3      | Reached skill level 5 in Fighting
  2746 | D:3      | Reached XP level 5. HP: 47/57 MP: 5/5
  2874 | D:3      | Found an opulent altar of Gozag.
  3288 | D:4      | Reached skill level 5 in Maces & Flails
  3288 | D:4      | Reached XP level 6. HP: 63/67 MP: 6/6
  3345 | D:4      | Found a sparkling altar of Nemelex Xobeh.
  3603 | D:4      | Reached skill level 6 in Fighting
  3623 | D:4      | Found a staircase to the Ecumenical Temple.
  3633 | Temple   | Entered the Ecumenical Temple
  3700 | Temple   | Became a worshipper of Makhleb the Destroyer
  3773 | D:4      | Noticed an orc warrior
  3789 | D:4      | Killed an orc warrior
  3957 | D:4      | Got a dazzling hand axe
  3958 | D:4      | Identified the +6 hand axe of Analysis {chop, +Blink +Rage MR+ Dex-4} (You found it on level 4 of the Dungeon)
  3960 | D:4      | Found an opulent altar of Gozag.
  3960 | D:4      | Found a sacrificial altar of Ru.
  3960 | D:4      | Found a radiant altar of Vehumet.
  4145 | D:4      | Reached XP level 7. HP: 68/76 MP: 7/7
  4319 | D:5      | Entered Level 5 of the Dungeon
  4373 | D:5      | Reached skill level 7 in Fighting
  4400 | D:5      | Noticed a wyvern
  4413 | D:5      | Mangled by a wyvern

Action                   |  1- 3 |  4- 6 |  7- 9 || total
-------------------------+-------+-------+-------++-------
Melee: Club              |    27 |       |       ||    27
       Short sword       |    13 |       |       ||    13
       Mace              |    86 |    59 |       ||   145
       Quarterstaff      |       |    13 |       ||    13
       Flail             |       |   110 |       ||   110
       Hand axe          |       |     8 |    18 ||    26
Throw: Large rock        |     6 |    10 |     6 ||    22
       Throwing net      |       |       |     2 ||     2
  Use: Scroll            |       |    10 |       ||    10
 Stab: Held in net/web   |       |       |     1 ||     1
  Eat: Chunk             |     3 |     8 |     1 ||    12
